 Dungeon Crawl Stone Soup version 0.21.1-1-g345015fe64 (webtiles) character file.

1837 P0NYSLAYSTATION the Shield-Bearer (level 9, -1/75 HPs)
             Began as a Hill Orc Fighter on June 16, 2018.
             Slain by an unseen horror (2 damage)
             ... on level 13 of the Dungeon.
             The game lasted 00:34:53 (4571 turns).

P0NYSLAYSTATION the Shield-Bearer (HOFi)            Turns: 4571, Time: 00:34:53

Health: -1/75      AC:  7    Str: 22    XL:     9   Next: 11%
Magic:  9/9        EV:  9    Int:  8    God:
Gold:   64         SH: 16    Dex: 10    Spells: 8/8 levels left

rFire    . . .     SeeInvis +   u - +0 mace (crush)
rCold    . . .     Gourm    .   c - +1 shield
rNeg     . . .     Faith    .   b - +0 scale mail
rPois    .         Spirit   .   (no helmet)
rElec    .         Reflect  +   (no cloak)
rCorr    .         Harm     .   (no gloves)
MR       .....                  (no boots)
Stlth    ..........             n - +5 amulet of reflection
HPRegen  0.22/turn              h - ring of see invisible
MPRegen  0.11/turn              (no ring)

@: no status effects
A: no striking features
a: no special abilities


You were on level 13 of the Dungeon.
You were not hungry.

You visited 2 branches of the dungeon, and saw 14 of its levels.

You collected 194 gold pieces.
You spent 130 gold pieces at shops.

Inventory:

Hand Weapons
 a - a +0 long sword
 k - a +0 hand axe
 u - a +0 mace of crushing (weapon)
Missiles
 o - 9 tomahawks (quivered)
Armour
 b - a +0 scale mail (worn)
 c - a +1 shield (worn)
Jewellery
 h - a ring of see invisible (left hand)
 n - a +5 amulet of reflection (around neck)
 r - an uncursed ring of flight {unknown}
Wands
 g - a wand of clouds (5)
 s - a wand of random effects (25)
Scrolls
 d - a scroll of fear
 j - 2 scrolls of teleportation
 m - 2 scrolls of immolation
 p - 2 scrolls of identify
Potions
 e - a potion of magic
 l - a potion of cancellation
Books
 t - a book of Flames

   Spells                             Type                      Level
   a - Flame Tongue                   Conjuration/Fire             1
   b - Throw Flame                    Conjuration/Fire             2
   c - Conjure Flame                  Conjuration/Fire             3
   d - Inner Flame                    Hexes/Fire                   3
   e - Sticky Flame                   Conjuration/Fire             4
   f - Fireball                       Conjuration/Fire             5
Comestibles
 f - 5 rations
 i - 5 chunks of flesh


   Skills:
 + Level 6.1 Fighting
 - Level 6.3 Long Blades
 * Level 3.9 Maces & Flails
 + Level 0.4 Throwing
 + Level 6.6 Armour
 + Level 2.3 Dodging
 + Level 0.8 Stealth
 + Level 6.9 Shields


You had 8 spell levels left.
You didn't know any spells.

Dungeon Overview and Level Annotations

Branches:
Dungeon (13/15)            Temple (1/1) D:7
   Lair: D:8-11         Orc: D:9-12      Vaults: D:13-14

Altars:
Ashenzari
Cheibriados
Dithmenos
Elyvilon
Gozag
Hepliaklqana
Kikubaaqudgha
Makhleb
Nemelex Xobeh
Okawaru
Qazlal
Ru
Sif Muna
Trog
Uskayaw
Vehumet
Wu Jian
Xom
Yredelemnul
Zin
The Shining One

Shops:
D:6 %[?%[

Annotations:
D:4 Menkaure
D:9 test1's ghost, novice DEWz


Message History

* * * LOW HITPOINT WARNING * * *
The unseen horror hits you.
* * * LOW HITPOINT WARNING * * *
You barely miss the unseen horror.
The unseen horror is heavily wounded.
The unseen horror hits you but does no damage.
The unseen horror barely misses you.
You hit the unseen horror.
The unseen horror is severely wounded.
You block the unseen horror's attack.
You hit the unseen horror.
The unseen horror is severely wounded.
You block the unseen horror's attack. The unseen horror hits you.
* * * LOW HITPOINT WARNING * * *
You block the unseen horror's attack. The unseen horror hits you!
* * * LOW HITPOINT WARNING * * *
You hit the unseen horror but do no damage.
The unseen horror is severely wounded.
The unseen horror hits you.
You die...

#....# #########
#######.#### #....(..#
#........# #.......#
#........# #.......#
#........### #.......#
#..........## #....<..#
#........#รท.###.......#
..........##.x##.......#
##........###[@'.......#
##.####### ####.......#
#. #.......# # ##+######


You could see an unseen horror (invisible).

Vanquished Creatures
  A manticore (D:13)
  The ghost of Dickchan the Ruffian, a novice DrTm (D:5)
  A hippogriff (D:10)
  A soldier ant (D:12)
  A sky beast (D:6)
  A necrophage (D:6)
  An ogre (D:7)
  A bullfrog (D:5)
  4 howler monkeys
  A crimson imp (D:6)
  A jelly (D:6)
  A hound (D:5)
  An orc priest (D:12)
  An iguana (D:7)
  2 orc wizards (D:3)
  2 worker ants (D:7)
  2 gnolls (D:6)
  A howler monkey skeleton (D:7)
  5 adders
  A shadow imp (D:9)
  An ooze (D:7)
  5 worms
  A dart slug (D:1)
  2 leopard geckos
  15 orcs
  6 bats
  4 giant cockroaches
  7 goblins
  2 hobgoblins
  4 jackals (D:5)
  A quokka (D:3)
  A ball python (D:3)
  A frilled lizard (D:3)
  5 kobolds
  5 rats
90 creatures vanquished.

Notes
Turn   | Place    | Note
-------+----------+-------------------------------------------
     0 | D:1      | P0NYSLAYSTATION the Hill Orc Fighter began the quest for the Orb.
     0 | D:1      | Reached XP level 1. HP: 19/19 MP: 1/1
   162 | D:2      | Reached XP level 2. HP: 27/27 MP: 2/2
   238 | D:1      | Reached XP level 3. HP: 22/33 MP: 3/3
   259 | D:2      | Found a faded altar of an unknown god.
   971 | D:3      | Reached XP level 4. HP: 38/41 MP: 4/4
  1366 | D:3      | Reached XP level 5. HP: 35/47 MP: 5/5
  1577 | D:5      | Entered Level 5 of the Dungeon
  1649 | D:5      | Noticed Dickchan's ghost (novice DrTm)
  1888 | D:4      | Found a shattered altar of Ashenzari.
  1893 | D:4      | Noticed Menkaure
  1948 | D:5      | Reached XP level 6. HP: 48/53 MP: 6/6
  2013 | D:5      | Killed Dickchan's ghost
  2013 | D:5      | Reached skill level 1 in Dodging
  2013 | D:5      | Reached skill level 5 in Shields
  2013 | D:5      | Reached XP level 7. HP: 25/60 MP: 7/7
  2062 | D:6      | Found Ichogokh's Food Shop.
  2079 | D:6      | Found Rifucaw's Armour Boutique.
  2094 | D:6      | Reached skill level 5 in Fighting
  2094 | D:6      | Reached skill level 5 in Long Blades
  2094 | D:6      | Reached skill level 5 in Armour
  2179 | D:6      | Found a glowing drain.
  2298 | D:6      | Found a glowing golden altar of the Shining One.
  2306 | D:6      | Found Joaceim's Magic Scroll Emporium.
  2309 | D:6      | Bought a scroll of identify for 26 gold pieces
  2309 | D:6      | Bought a scroll of identify for 26 gold pieces
  2309 | D:6      | Bought a scroll of identify for 26 gold pieces
  2309 | D:6      | Bought a scroll of identify for 26 gold pieces
  2309 | D:6      | Bought a scroll of identify for 26 gold pieces
  2405 | D:6      | Found Zipuushua's Food Emporium.
  2416 | D:6      | Found Beohot's Armour Emporium.
  2450 | D:7      | Found a staircase to the Ecumenical Temple.
  2587 | D:7      | Reached XP level 8. HP: 53/68 MP: 8/8
  2614 | Temple   | Entered the Ecumenical Temple
  2885 | D:9      | Noticed a wyvern
  3043 | D:8      | Noticed a queen ant
  3782 | D:9      | Noticed test1's ghost (novice DEWz)
  3799 | D:10     | Entered Level 10 of the Dungeon
  3803 | D:10     | Noticed a hippogriff
  3820 | D:10     | Killed a hippogriff
  3820 | D:10     | Reached skill level 1 in Maces & Flails
  4170 | D:12     | Noticed an unseen horror
  4510 | D:13     | Noticed a manticore
  4525 | D:13     | Killed a manticore
  4525 | D:13     | Reached XP level 9. HP: 33/75 MP: 9/9
  4537 | D:13     | Noticed an unseen horror
  4570 | D:13     | HP: 1/75 [unseen horror (8)]
  4571 | D:13     | Slain by an unseen horror

Skill      XL: |  1  2  3  4  5  6  7  8 |
---------------+-------------------------+-----
Fighting       | 4 5 6 |  6.1
Shields        | 4 5 6 |  6.9
Long Blades    | 3 4 5 6 |  6.3
Armour         | 4 5 6 |  6.6
Dodging        | 1 2 |  2.3
Maces & Flails | 3 |  3.9
Throwing       | |  0.4
Stealth        | |  0.8

Action                   |  1- 3 |  4- 6 |  7- 9 || total
-------------------------+-------+-------+-------++-------
Melee: Long sword        |    75 |   148 |   150 ||   373
       Mace              |       |       |    84 ||    84
Throw: Tomahawk          |       |       |     6 ||     6
  Use: Scroll            |     6 |     4 |    10 ||    20
       Potion            |       |     4 |     2 ||     6
  Eat: Chunk             |       |     3 |     3 ||     6
       Ration            |       |     1 |     1 ||     2
Armor: Scale mail        |    20 |    56 |    58 ||   134
Dodge: Dodged            |    21 |    46 |    64 ||   131
Block: Shield            |    39 |    74 |   210 ||   323
       Reflection        |       |       |     4 ||     4
       Rpst.: Long sword |     9 |    14 |    14 ||    37
